 Dungeon Crawl Stone Soup version 0.29-a0-320-g9f8742066b (webtiles) character file.

Game seed: 13202601369948314716

38 sammy202020 the Skirmisher (level 3, -5/43 HPs)
             Began as a Demonspawn Berserker on Apr 2, 2022.
             Was a Follower of Trog.
             Splashed by a jelly's acid (8 damage)
             ... on level 5 of the Dungeon.
             The game lasted 00:02:28 (1996 turns).

sammy202020 the Skirmisher (Demonspawn Berserker)   Turns: 1996, Time: 00:02:29

Health: -5/43      AC:  2    Str: 17    XL:     3   Next: 25%
Magic:  0/3        EV: 10    Int: 10    God:    Trog [*.....]
Gold:   82         SH:  0    Dex: 14    Spells: 2/2 levels left

rFire   . . .      SeeInvis .   a - +0 hand axe
rCold   + . .      Faith    .   (no shield)
rNeg    . . .      Spirit   +   e - +0 scale mail
rPois   .          Reflect  .   (no helmet)
rElec   .          Harm     .   (no cloak)
rCorr   .          Rampage  .   (no gloves)
Will    .....                   (no boots)
Stlth   ..........              p - amulet of guardian spirit
HPRegen 0.14/turn               l - ring of protection from cold
MPRegen 0.08/turn               (no ring)

@: berserking, corroded, very quick
A: thin skeletal structure 1, weakness stinger 1
a: Renounce Religion, Berserk


You were on level 5 of the Dungeon.
You worshipped Trog.
Trog was aware of your devotion.
You visited 1 branch of the dungeon, and saw 4 of its levels.

You collected 82 gold pieces.

Inventory:

Hand Weapons
 a - a +0 hand axe (weapon)
 j - a +0 flail
Armour
 b - a +0 animal skin
 e - a +0 scale mail (worn)
Jewellery
 h - an amulet of the acrobat
 l - a ring of protection from cold (left hand)
 p - an amulet of guardian spirit (around neck)
Scrolls
 d - a scroll of acquirement {unknown}
 g - a scroll of noise {unknown}
 i - a scroll of immolation {unknown}
 k - a scroll of summoning {unknown}
 m - 2 scrolls of identify {unknown}
Potions
 c - 2 potions of resistance {unknown}
 f - a potion of curing {unknown}
 n - a potion of haste {unknown}
 o - a potion of cancellation {unknown}
 q - a potion of mutation {unknown}
 r - a potion of lignification {unknown}


   Skills:
 * Level 3.4 Fighting
 * Level 3.1 Axes
 * Level 2.3 Armour
 + Level 2.0 Dodging


You had 2 spell levels left.
You didn't know any spells.
Your spell library was empty.

Dungeon Overview and Level Annotations

Branches:
Dungeon (3/15)

Altars:
Xom


Innate Abilities, Weirdness & Mutations

You have a somewhat thin skeletal structure. (Dex +2, Stealth+)
You have a small tail.


Message History

The ufetubus hits you but does no damage.
You miss the ufetubus. You tail-slap the ufetubus.
The ufetubus is moderately wounded.
The ufetubus hits you.
The ufetubus hits you but does no damage.
The ufetubus closely misses you. x2
You closely miss the ufetubus. You tail-slap the ufetubus.
You kill the ufetubus!
Trog accepts your kill.
You hit the jelly.
Your hands burn!
The jelly is heavily wounded.
The jelly completely misses you.
You hit the jelly.
Your hands burn!
The jelly is severely wounded.
The jelly hits you. The acid corrodes you!
You are splashed with acid!
* * * LOW HITPOINT WARNING * * *
You are too injured to fight recklessly!
You are too injured to fight recklessly!
You are too injured to fight recklessly!
You are too injured to fight recklessly!
You are too injured to fight recklessly!
You are too injured to fight recklessly!
You are too injured to fight recklessly!
You are too injured to fight recklessly!
You are too injured to fight recklessly!
You are too injured to fight recklessly!
You are too injured to fight recklessly!
You are too injured to fight recklessly!
You are too injured to fight recklessly!
You are too injured to fight recklessly!
You are too injured to fight recklessly!
A red film seems to cover your vision as you go berserk!
You feel yourself moving faster!
You feel mighty! The jelly closely misses you.
You hit the jelly.
Your hands burn!
* * * LOW HITPOINT WARNING * * *
The jelly is almost dead.
The jelly hits you.
* * * LOW HITPOINT WARNING * * *
You are splashed with acid!
You die...

ยง
+.####+###+#####
................
................
.......@J.....>.
................
................
############.$..
... .. .


You could see a jelly.

Vanquished Creatures
  An adder (D:3)
  An ufetubus (D:5)
  A worm (D:3)
  2 endoplasms (D:2)
  2 hobgoblins
  4 kobolds
  A quokka (D:1)
  2 ball pythons
  3 bats
  2 frilled lizards
  A goblin (D:1)
  2 rats (D:1)
22 creatures vanquished.

Notes
Turn   | Place    | Note
-------+----------+-------------------------------------------
     0 | D:1      | sammy202020 the Demonspawn Berserker began the quest for
                  | the Orb.
     0 | D:1      | Reached XP level 1. HP: 18/18 MP: 1/1
  1045 | D:1      | Gained mutation: You have a small tail. [demonic ancestry]
  1045 | D:1      | Reached XP level 2. HP: 19/24 MP: 2/2
  1237 | D:2      | Found a shimmering altar of Xom.
  1652 | D:2      | Found a faded altar of an unknown god.
  1959 | D:3      | Gained mutation: You have a somewhat thin skeletal
                  | structure. (Dex +2, Stealth+) [demonic ancestry]
  1959 | D:3      | Reached XP level 3. HP: 29/29 MP: 3/3
  1987 | D:3      | You fall into a shaft and drop 2 floors!
  1987 | D:5      | Entered Level 5 of the Dungeon
  1996 | D:5      | Splashed by a jelly's acid

Illustrated notes

Levels and vault maps discovered:
D:1:      dpeg_arrival_chambers_temple_mockup, layout_loops_corners
D:2:      layout_basic, hellmonk_ecumenical_altar_lost_god, basic_altar,
          kennysheep_generic_room_4
D:3:      layout_loops_corners, mainiacjoe_overflow_surrounded_room
D:5:      layout_gridville, okawaru_altar_gauntlet_db, minmay_temple_entry_mist,
          serial_shops, nicolae_shop_trees, uniq_grinder

Skill      XL: |  1  2 |
---------------+-------+-----
Armour         | 2 |  2.3
Axes           | 3 |  3.1
Dodging        | 2 |  2.0
Fighting       | |  3.4

Action                   || total
-------------------------++-------
Melee: Hand axe          ||    74
       Tailslap          ||     4
Invok: Berserk           ||     1
Armor: Scale mail        ||    31
Dodge: Dodged            ||    42

Table legend: (Time is in decaauts)
 A = Elapsed time spent in this place.
 B = Non-inter-level travel time spent in this place.
 C = Inter-level travel time spent in this place.
 D = Time resting spent in this place.
 E = Time spent auto-exploring this place.
 F = Levels seen in this place.
 G = Mean time per level.
                   A        B        C        D        E       F      G
               +--------+--------+--------+--------+--------+-----+--------+
         Total |   2006 |   1945 |     61 |      0 |   1511 |   4 |  501.5 |
       Dungeon |   2006 |   1945 |     61 |      0 |   1511 |   4 |  501.5 |
               +--------+--------+--------+--------+--------+-----+--------+

Top non-repeatable levels by time:
     D:1: 1216 daAuts
     D:2: 619 daAuts
     D:3: 160 daAuts
     D:5: 9 daAuts
